Map: Rainfall LE

Players

Krystianer - Winner!

  • Race: Protoss Protoss
  • League: Grandmaster
  • Spawn Location: 5:00

Shino

  • Race: Zerg Zerg
  • League: Grandmaster
  • Spawn Location: 11:00

Event: HomeStory Cup XXIX

VOD

Have the link to the VOD?

Description

Time

  • Played on: July 3, 2026, 10:12 a.m.
  • Length: 9:21

All games in this series

Show
View Real Time Build Order
Export as new Build Order

Krystianer Protoss - Winner!

Build Orders: Oracle Opening, Zealot Archon, Archon Drop 

Get SALT Encoding   

  8  0:00  Probe (Chrono Boost)  
  9  0:12  Probe (Chrono Boost)  
  10  0:18  Probe (Chrono Boost)  
  11  0:26  Probe  
  12  0:33  Pylon  
  12  0:38  Probe  
  13  0:51  Probe  
  14  0:59  Gateway  
  14  1:03  Probe (Chrono Boost)  
  15  1:08  Assimilator  
  15  1:16  Probe (Chrono Boost)  
  16  1:21  Probe (Chrono Boost)  
  17  1:30  Probe  
  18  1:42  Probe  
  19  1:52  Nexus  
  19  2:02  Cybernetics Core  
  19  2:05  Probe  
  20  2:10  Assimilator  
  20  2:17  Pylon  
  20  2:21  Probe  
  21  2:34  Adept (Chrono Boost)  
  21  2:35  Probe  
  24  2:46  Stargate  
  24  2:47  Probe  
  25  2:58  Adept (Chrono Boost)  
  25  2:59  Probe  
  25  3:04  Probe  
  29  3:06  Warp Gate  
  29  3:11  Probe  
  30  3:16  Probe  
  31  3:22  Adept  
  31  3:23  Probe  
  34  3:28  Probe  
  34  3:30  Oracle (Chrono Boost)  
  38  3:35  Probe  
  38  3:40  Probe  
  40  3:42  Pylon  
  40  3:48  Probe  
  41  3:52  Probe  
  42  4:01  Probe (Chrono Boost)  
  43  4:04  Probe (Chrono Boost)  
  43  4:08  Assimilator x2  
  40  4:11  Robotics Facility  
  40  4:16  Probe (Chrono Boost)  
  42  4:17  Probe (Chrono Boost)  
  42  4:18  Twilight Council  
  44  4:24  Probe (Chrono Boost)  
  44  4:25  Probe (Chrono Boost), Gateway  
  45  4:32  Probe (Chrono Boost)  
  45  4:33  Probe (Chrono Boost)  
  45  4:35  Gateway  
  46  4:39  Probe  
  46  4:40  Pylon  
  46  4:43  Probe  
  48  4:51  Probe  
  50  5:00  Gateway  
  50  5:01  Gateway, Warp Prism (Chrono Boost)  
  50  5:03  Probe  
  50  5:06  Adept  
  54  5:10  Templar Archives  
  54  5:12  Pylon  
  55  5:14  Probe  
  55  5:27  Nexus  
  55  5:28  Probe  
  55  5:30  Probe  
  55  5:33  Pylon  
  57  5:37  Adept  
  57  5:41  Probe  
  57  5:42  Probe  
  61  5:50  Pylon  
  61  5:53  Probe  
  61  5:54  Probe  
  61  5:56  High Templar x3  
  69  5:59  High Templar  
  69  6:01  Pylon, Archon  
  71  6:04  Archon  
  71  6:05  Probe  
  71  6:06  Probe  
  71  6:11  Immortal (Chrono Boost)  
  73  6:17  Probe  
  78  6:18  Probe  
  78  6:24  Charge (Chrono Boost)  
  78  6:25  Pylon  
  79  6:29  Probe  
  79  6:30  Probe  
  81  6:34  Gateway  
  81  6:35  Gateway  
  81  6:40  Immortal (Chrono Boost)  
  83  6:57  Gateway  
  83  6:59  High Templar x2, Gateway, Zealot  
  83  7:00  Probe  
  90  7:03  Probe  
  90  7:04  Pylon  
  90  7:06  Probe, Archon  
  88  7:09  Warp Prism  
  88  7:12  Probe  
  92  7:15  Probe  
  92  7:16  Assimilator  
  92  7:18  Assimilator, Probe  
  92  7:21  Gateway x2  
  93  7:23  Forge  
  93  7:24  Probe  
  93  7:27  Probe  
  95  7:32  High Templar x2  
  95  7:33  Pylon  
  95  7:34  Zealot  
  95  7:35  Zealot  
  103  7:40  Pylon, Probe, Archon  
  103  7:43  Shield Battery  
  104  7:44  Zealot  
  106  7:58  High Templar x2  
  106  7:59  Zealot x3  
  106  8:03  Archon  
  116  8:07  Pylon  
  116  8:08  Zealot x3  
  116  8:11  Pylon  
  122  8:13  Gateway  
  120  8:30  Zealot x5  
  120  8:31  Zealot x3  
  120  8:33  Zealot x2  
  120  8:42  Probe  
  115  8:49  Probe  
  115  8:53  Zealot  
  115  8:54  Sentry x2, Zealot x5  
  116  9:02  Zealot x2  
Show
View Real Time Build Order
Export as new Build Order

Shino Zerg 

Build Orders: Hatch First 

Get SALT Encoding   

  8  0:01  Drone  
  9  0:11  Drone  
  10  0:17  Drone  
  11  0:28  Overlord  
  11  0:33  Drone  
  12  0:46  Drone  
  12  0:47  Drone  
  14  0:51  Drone  
  15  1:02  Drone  
  16  1:18  Hatchery  
  16  1:19  Drone  
  16  1:23  Drone  
  17  1:30  Drone  
  18  1:37  Extractor  
  17  1:42  Spawning Pool  
  17  1:44  Drone  
  17  1:50  Drone  
  18  2:00  Drone  
  19  2:10  Overlord  
  19  2:28  Queen  
  21  2:30  Drone, Queen  
  21  2:31  Zergling x4  
  26  2:42  Drone  
  26  2:43  Metabolic Boost  
  27  2:44  Drone  
  27  2:50  Drone x2  
  30  3:06  Hatchery  
  30  3:11  Zergling x2  
  30  3:12  Zergling x2  
  31  3:15  Overlord  
  31  3:22  Zergling x2  
  32  3:27  Overlord  
  33  3:34  Drone x2  
  33  3:35  Drone  
  33  3:40  Drone  
  33  3:41  Drone x3  
  39  3:47  Drone  
  40  3:54  Evolution Chamber  
  38  3:58  Drone x2  
  38  4:05  Spore Crawler  
  38  4:07  Spore Crawler, Queen  
  38  4:09  Drone  
  39  4:12  Drone x2  
  41  4:18  Queen  
  41  4:21  Drone  
  45  4:24  Drone x2  
  43  4:31  Drone x2  
  43  4:34  Drone  
  46  4:40  Overlord  
  46  4:42  Drone  
  47  4:46  Spore Crawler  
  47  4:48  Evolution Chamber  
  47  4:50  Lair  
  47  4:51  Extractor  
  45  4:54  Drone  
  45  4:57  Spore Crawler  
  45  4:58  Drone  
  45  4:59  Drone  
  48  5:00  Drone x3  
  48  5:02  Drone  
  52  5:08  Drone, Extractor  
  52  5:10  Drone  
  52  5:13  Queen  
  55  5:17  Overlord  
  55  5:19  Drone  
  55  5:20  Drone x2  
  58  5:22  Overlord  
  58  5:25  Drone  
  59  5:33  Drone  
  59  5:35  Overlord  
  60  5:37  Drone, Zergling x2  
  60  5:38  Zergling x8  
  60  5:40  Zergling x4  
  68  5:48  Zergling x2  
  68  5:49  Zergling x8  
  73  5:52  Hydralisk Den  
  73  5:56  Overlord  
  71  6:01  Overlord x2  
  70  6:10  Queen  
  72  6:15  Drone x2  
  74  6:21  Hydralisk x6  
  74  6:24  Drone x2  
  86  6:30  Drone x3  
  86  6:32  Drone, Extractor  
  90  6:33  Drone, Overlord  
  90  6:40  Drone x3  
  93  6:52  Drone x5  
  96  6:56  Spore Crawler, Drone  
  96  6:57  Drone x3  
  97  7:03  Extractor  
  97  7:04  Extractor  
  97  7:07  Drone  
  97  7:08  Drone x2  
  97  7:13  Baneling Nest  
  97  7:20  Drone x3  
  97  7:22  Overlord x2  
  100  7:25  Evolution Chamber  
  100  7:27  Muscular Augments  
  100  7:29  Hatchery  
  98  7:31  Extractor  
  98  7:35  Drone  
  98  7:36  Hydralisk x3  
  104  7:42  Hydralisk x3  
  104  7:43  Hatchery  
  109  7:50  Hydralisk x3  
  115  7:55  Overlord x2  
  114  8:01  Hydralisk x2  
  114  8:04  Centrifugal Hooks  
  118  8:07  Overlord  
  118  8:10  Hydralisk  
  118  8:11  Hydralisk  
  122  8:14  Zergling x2  
  122  8:15  Zergling x4  
  124  8:20  Zergling x10  
  124  8:22  Zergling x2  
  130  8:27  Zergling x12  
  130  8:28  Zergling x2  
  133  8:36  Hydralisk x4  
  120  8:45  Zergling x2  
  120  8:46  Zergling x8  
  106  8:53  Hydralisk x3  
Tags
 
Add a new tag
Caveats
  • Supply blocks, unpowered buildings, or Contaminate may cause inaccurate times.
  • Supply counts are checked every 10 seconds.